 Dungeon Crawl Stone Soup version 0.29.1-1-gd02db6906a (webtiles) character file.

Game seed: 17141332867995380959

37137 Powertoast the Cleaver (level 13, 0/124 HPs)
             Began as a Hill Orc Fighter on Sept 20, 2022.
             Was an Elder of Qazlal.
             Slain by an eight-headed hydra (5 damage)
             ... on level 4 of the Lair of Beasts on Oct 22, 2022.
             The game lasted 00:44:21 (13197 turns).

Powertoast the Cleaver (Hill Orc Fighter)          Turns: 13197, Time: 00:44:22

Health: 0/124      AC: 14    Str: 22    XL:     13   Next: 94%
Magic:  22/23      EV: 10    Int:  8    God:    Qazlal [****..]
Gold:   716        SH: 18    Dex: 12    Spells: 12/12 levels left

rFire   . . .      SeeInvis .   T - +2 war axe (flame)
rCold   . . .      Faith    .   I - +0 kite shield
rNeg    . . .      Spirit   .   F - +0 acid dragon scales
rPois   .          Reflect  .   j - +0 helmet
rElec   .          Harm     .   U - +0 cloak
rCorr   +          Rampage  .   h - +0 pair of gloves
Will    +....                   (no boots)
Stlth   +.........              l - amulet of regeneration
HPRegen 1.10/turn               u - +4 ring of protection
MPRegen 0.18/turn               C - ring of willpower

@: on berserk cooldown, slowed, repel missiles, very slow
A: no striking features
a: Renounce Religion, Upheaval, Elemental Force


You were on level 4 of the Lair of Beasts.
You worshipped Qazlal.
Qazlal was greatly pleased with you.
You visited 2 branches of the dungeon, and saw 14 of its levels.
You also visited: Ice Cave.

You collected 908 gold pieces.
You spent 192 gold pieces at shops.

Inventory:

Hand Weapons
 T - a +2 war axe of flaming (weapon)
Missiles
 H - a throwing net (quivered)
 K - 7 javelins
 R - 6 boomerangs
Armour
 a - a +0 chain mail of cold resistance
 h - a +0 pair of gloves (worn)
 j - a +0 helmet (worn)
 F - +0 acid dragon scales (worn)
 I - a +0 kite shield (worn)
 U - a +0 cloak (worn)
Jewellery
 f - a +4 ring of protection
 l - an amulet of regeneration (around neck)
 u - a +4 ring of protection (left hand)
 z - an amulet of the acrobat
 C - a ring of willpower (right hand)
 E - a ring of willpower
 G - an amulet of faith
 V - a ring of magical power
 Z - a +6 ring of strength
Wands
 b - a wand of mindburst (32)
 i - a wand of flame (90)
 w - a wand of polymorph (23)
 B - a wand of acid (7)
Scrolls
 e - 7 scrolls of teleportation
 k - a scroll of poison
 m - a scroll of brand weapon {unknown}
 n - a scroll of vulnerability {unknown}
 p - 4 scrolls of enchant weapon
 q - 2 scrolls of enchant armour
 s - 2 scrolls of magic mapping
 P - 3 scrolls of blinking
 Q - a scroll of silence {unknown}
Potions
 d - a potion of brilliance {unknown}
 g - a potion of mutation {unknown}
 o - 4 potions of curing
 t - a potion of degeneration {unknown}
 v - a potion of attraction {unknown}
 A - 4 potions of lignification {unknown}
 J - a potion of invisibility {unknown}
 L - 2 potions of cancellation
 M - a potion of resistance {unknown}
 O - 2 potions of heal wounds
 W - a potion of flight
 Y - 2 potions of haste
Miscellaneous
 c - a phantom mirror
 N - a condenser vane


   Skills:
 - Level 14.0 Fighting
 - Level 14.0 Axes
 - Level 3.2 Armour
 - Level 14.0 Shields
 - Level 14.0 Invocations
 + Level 7.2 Evocations


You had 12 spell levels left.
You didn't know any spells.
Your spell library contained the following spells:

 Spells                   Type           Power      Damage    Failure   Level
 Apportation              Tloc           0%         N/A       71%         1
 Beastly Appendage        Tmut           0%         N/A       71%         1
 Shock                    Conj/Air       0%         1d3       71%         1
 Slow                     Hex            0%         N/A       71%         1
 Ensorcelled Hibernation  Hex/Ice        0%         N/A       83%         2
 Static Discharge         Conj/Air       0%         3-3/arc   83%         2
 Sublimation of Blood     Necr           0%         N/A       83%         2
 Wereblood                Tmut           0%         N/A       83%         2
 Confusing Touch          Hex            0%         N/A       97%         3
 Conjure Flame            Conj/Fire      0%         6-21      97%         3
 Ignite Poison            Fire/Tmut/Pois 0%         N/A       97%         3
 Inner Flame              Hex/Fire       0%         N/A       97%         3
 Mephitic Cloud           Conj/Pois/Air  0%         N/A       97%         3
 Spider Form              Tmut/Pois      0%         N/A       97%         3
 Swiftness                Air            0%         N/A       97%         3
 Vampiric Draining        Necr           0%         2d6       97%         3
 Airstrike                Air            0%         2d(0-16)  100%        4
 Anguish                  Hex/Necr       0%         N/A       100%        4
 Cause Fear               Hex            0%         N/A       100%        4
 Dispel Undead            Necr           0%         3d6       100%        4
 Sticky Flame             Conj/Fire      0%         2d3       100%        4
 Alistair's Intoxication  Tmut/Pois      0%         N/A       100%        5
 Freezing Cloud           Conj/Ice/Air   0%         6-21      100%        5
 Summon Hydra             Summ           0%         N/A       100%        7
 Discord                  Hex            0%         N/A       100%        8


Dungeon Overview and Level Annotations

Branches:
Dungeon (10/15)            Temple (0/1) D:4            Lair (4/5) D:9
  Swamp (0/4) Lair:2        Snake (0/4) Lair:3        IceCv (visited)
  Slime: Lair:4-5       Orc: D:9-12

Altars:
Cheibriados
Elyvilon
Kikubaaqudgha
Nemelex Xobeh
Okawaru
Qazlal
Uskayaw
Yredelemnul

Shops:
D:10 !

Annotations:
D:5 2 transporters, greasedhog's ghost, novice MfTm
Lair:2 3 runed translucent doors, RatsInWalls's ghost, journeyman HuCA


Message History

You kill the death yak!
Qazlal accepts your kill.
You slash the komodo dragon! You burn the komodo dragon.
An eight-headed hydra comes into view.
Your Evocations skill increases to level 7!
Unknown command.
You slash the komodo dragon! You burn the komodo dragon.
The komodo dragon is heavily wounded.
You block the komodo dragon's attack.
You slash the komodo dragon! You burn the komodo dragon.
The komodo dragon is severely wounded.
You barely miss the komodo dragon.
The komodo dragon is severely wounded.
The komodo dragon is struck by lightning.
You kill the komodo dragon!
Qazlal accepts your kill.
You see here a komodo dragon corpse.
Why would you want to do that?
You feel a strong urge to attack something.
You are no longer berserk.
You are exhausted.
You feel yourself slow down. The blink frog closely misses you.
You slash the blink frog! You burn the blink frog.
The blink frog is severely wounded.
You block the blink frog's attack. x2
You hit the eight-headed hydra. You burn the eight-headed hydra.
The eight-headed hydra is lightly wounded.
You slash the blink frog! You burn the blink frog.
You kill the blink frog!
Qazlal accepts your kill.
The eight-headed hydra is engulfed in freezing vapours.
The eight-headed hydra seems to slow down.
The eight-headed hydra bites you!
* * * LOW HITPOINT WARNING * * *
The eight-headed hydra bites you but does no damage.
The eight-headed hydra bites you.
* * * LOW HITPOINT WARNING * * *
You block the eight-headed hydra's attack.
The eight-headed hydra bites you.
You die...

#### #### ##### ### ##
#.P###P#.## #PP#.##.###.######
...P....... .................
#PP....#P...####..†...........
###....####..##...............
##............##†°...#.#+P....
###....#.......#○☼†.#### ##...
.#.....##.....##§§†P# ..
.......#......##@D.###.. .
.#.....##.....P.........
###....##.......°§.#.##.
###....##.#....#...###
#.#....#....P.##....#
..#........†...........
.......................
........................
.................<......


You could see an eight-headed hydra (slow).

Vanquished Creatures
  The ghost of Animoz the Brawler, a journeyman TrBe of Trog (Lair:1)
  A hydra (Lair:1)
  A two-headed ogre (D:10)
  A catoblepas (Lair:1)
  A tengu warrior (D:9)
  6 death yaks
  A fire crab (Lair:1)
  An oklob plant (Lair:2)
  A cyclops (D:9)
  Maurice (D:8)
  A black mamba (Lair:2)
  2 ice statues (IceCv)
  3 elephants (Lair:2)
  An unseen horror (D:10)
  2 rime drakes (Lair:4)
  12 komodo dragons
  8 cane toads
  A freezing wraith (IceCv)
  6 ice devils (IceCv)
  2 anaconda simulacra (IceCv)
  Grinder (D:6)
  4 polar bears
  2 trolls (D:9)
  Prince Ribbit (D:5)
  A dream sheep (Lair:2)
  5 blink frogs
  Sigmund (D:3)
  A shadow (D:10)
  37 yaks
  A wraith (D:9)
  A wyvern (Lair:1)
  3 dire elephant simulacra (IceCv)
  4 basilisks
  4 steam dragons
  Menkaure (D:5)
  3 nagas (Lair:3)
  An acid dragon (D:8)
  A hydra simulacrum (IceCv)
  Duvessa (D:6)
  9 water moccasins
  An orc warrior (D:9)
  2 sky beasts
  2 ice beasts
  A black bear (D:9)
  7 wolves
  4 centaurs
  A phantom (D:6)
  4 kobold brigands
  15 bullfrogs
  2 necrophages
  A two-headed ogre simulacrum (IceCv)
  A cane toad simulacrum (IceCv)
  A gnoll sergeant (D:7)
  A scorpion (D:7)
  13 wights
  Dowan (D:6)
  3 killer bees (D:8)
  4 howler monkeys
  2 electric eels
  A hound (D:5)
  A jelly (D:5)
  2 orc priests
  A gnoll bouda (D:10)
  2 iguanas
  2 orc wizards (D:9)
  Robin (D:1)
  5 adders
  8 gnolls
  4 white imps
  3 ufetubi
  3 worms
  3 dart slugs
  24 orcs
  6 endoplasms
  2 giant cockroaches
  10 goblins
  14 hobgoblins
  11 jackals
  4 quokkas
  7 ball pythons
  3 bats
  A frilled lizard (D:1)
  29 kobolds
  6 rats
354 creatures vanquished.

Vanquished Creatures (collateral kills)
  2 hydras
  Urug (Lair:1)
  2 basilisks (D:9)
  A wyvern (D:9)
  2 water moccasins (D:9)
  A black bear (D:9)
9 creatures vanquished.

Vanquished Creatures (others)
  A sky beast (D:5)
  A bush (Lair:1)
  22 fungi
  52 plants
76 creatures vanquished.

Grand Total: 439 creatures vanquished

Notes
Turn   | Place    | Note
-------+----------+-------------------------------------------
     0 | D:1      | Powertoast the Hill Orc Fighter began the quest for the
                  | Orb.
     0 | D:1      | Reached XP level 1. HP: 19/19 MP: 1/1
   169 | D:1      | Found a faded altar of an unknown god.
   178 | D:1      | Prayed at the altar of an unknown god.
   178 | D:1      | Became a worshipper of Qazlal Stormbringer
   178 | D:1      | Reached * piety under Qazlal
   223 | D:1      | Reached XP level 2. HP: 20/27 MP: 2/2
   525 | D:1      | Reached skill level 1 in Invocations
   531 | D:1      | Reached XP level 3. HP: 26/33 MP: 3/3
  1072 | D:2      | Noticed Robin
  1084 | D:1      | Killed Robin
  1084 | D:1      | Reached ** piety under Qazlal
  1161 | D:2      | Reached XP level 4. HP: 18/40 MP: 5/5
  2208 | D:3      | Reached skill level 5 in Axes
  2275 | D:3      | Reached XP level 5. HP: 45/47 MP: 6/6
  2514 | D:3      | Noticed Sigmund
  2598 | D:4      | Found a staircase to the Ecumenical Temple.
  2644 | D:4      | Found a white marble altar of Elyvilon.
  3226 | D:5      | Entered Level 5 of the Dungeon
  3228 | D:5      | Noticed Menkaure
  3259 | D:5      | Noticed Prince Ribbit
  3271 | D:5      | Noticed a sky beast
  3279 | D:5      | Noticed a kobold brigand
  3279 | D:5      | Killed Prince Ribbit
  3280 | D:5      | Reached skill level 5 in Fighting
  3280 | D:5      | Reached XP level 6. HP: 56/56 MP: 8/8
  3314 | D:5      | Killed Menkaure
  3315 | D:5      | Reached XP level 7. HP: 48/62 MP: 8/10
  3319 | D:5      | Reached *** piety under Qazlal
  3516 | D:5      | Reached skill level 5 in Invocations
  3646 | D:5      | Found a hide-covered altar of Uskayaw.
  3646 | D:5      | Found a sparkling altar of Nemelex Xobeh.
  3646 | D:5      | Found a snail-covered altar of Cheibriados.
  3757 | D:5      | Reached XP level 8. HP: 71/71 MP: 11/11
  3797 | D:5      | Found a transporter.
  3801 | D:5      | Found a transporter.
  3802 | D:5      | Noticed greasedhog's ghost (novice MfTm)
  4059 | D:6      | Noticed Grinder
  4061 | D:6      | Paralysed by Grinder for 5 turns
  4075 | D:6      | Killed Grinder
  4170 | D:6      | Reached skill level 10 in Axes
  4368 | D:6      | Noticed Duvessa
  4368 | D:6      | Noticed Dowan
  4373 | D:6      | Killed Duvessa
  4374 | D:6      | Reached XP level 9. HP: 66/80 MP: 14/14
  4375 | D:6      | Killed Dowan
  4829 | D:3      | Killed Sigmund
  5490 | D:7      | Reached **** piety under Qazlal
  5781 | D:7      | You fall into a shaft and drop 3 floors!
  5781 | D:10     | Entered Level 10 of the Dungeon
  5797 | D:10     | Noticed a two-headed ogre
  5803 | D:10     | Killed a two-headed ogre
  5825 | D:9      | Reached XP level 10. HP: 70/91 MP: 16/16
  5890 | D:9      | Found a staircase to the Lair.
  5914 | D:9      | Reached skill level 10 in Fighting
  5914 | D:9      | Reached skill level 10 in Invocations
  5972 | D:9      | Noticed a cyclops
  5973 | D:9      | Identified the +1 leather armour "Ceuk" {Str+2 Int+5}
  5993 | D:9      | Killed a cyclops
  6011 | D:9      | Reached XP level 11. HP: 78/102 MP: 10/19
  6021 | D:9      | Noticed a tengu warrior
  6041 | D:9      | Killed a tengu warrior
  6339 | D:8      | Noticed Maurice
  6369 | D:8      | Killed Maurice
  8038 | Lair:1   | Entered Level 1 of the Lair of Beasts
  8138 | Lair:1   | Reached skill level 5 in Shields
  8264 | Lair:1   | Found a runed translucent door.
  8295 | Lair:1   | Noticed Urug
  8300 | Lair:1   | Noticed a seven-headed hydra
  8307 | Lair:1   | Killed a seven-headed hydra
  8309 | Lair:1   | Killed Urug
  8310 | Lair:1   | Reached XP level 12. HP: 84/115 MP: 13/22
  8341 | Lair:1   | Noticed a four-headed hydra
  8343 | Lair:1   | Killed a four-headed hydra
  8415 | Lair:1   | Noticed a catoblepas
  8678 | Lair:1   | Killed a catoblepas
  8902 | Lair:1   | Noticed Animoz's ghost (journeyman TrBe)
  9420 | Lair:2   | Found a staircase to the Swamp.
  9536 | Lair:2   | Found a runed translucent gate.
  9536 | Lair:2   | Found a runed translucent gate.
  9536 | Lair:2   | Found a runed translucent gate.
  9542 | Lair:2   | Noticed a minotaur
  9543 | Lair:2   | Noticed a four-headed hydra
  9673 | Lair:2   | Noticed RatsInWalls's ghost (journeyman HuCA)
  9847 | Lair:2   | Reached skill level 10 in Shields
  9995 | Lair:2   | Noticed a death yak
 10008 | Lair:2   | Killed a death yak
 10232 | Lair:2   | Noticed a seven-headed hydra
 10238 | Lair:2   | Killed a seven-headed hydra
 10354 | Lair:2   | Reached XP level 13. HP: 108/124 MP: 23/23
 11099 | D:10     | Found a basalt altar of Yredelemnul.
 11256 | D:10     | Found Peechaup's Distillery.
 11268 | D:10     | Bought a potion of cancellation for 96 gold pieces
 11268 | D:10     | Bought a potion of flight for 36 gold pieces
 11268 | D:10     | Bought a potion of berserk rage for 60 gold pieces
 11381 | D:10     | Found an iron altar of Okawaru.
 11381 | D:10     | Found an ancient bone altar of Kikubaaqudgha.
 11700 | Lair:1   | Killed Animoz's ghost
 11711 | Lair:1   | Reached ***** piety under Qazlal
 11913 | Lair:3   | Found a staircase to the Snake Pit.
 11942 | Lair:3   | Reached skill level 1 in Evocations
 12054 | Lair:3   | Identified the +6 spear of Agineven {vorpal, *Corrode
                  | Will++ Dex+6}
 12512 | Lair:4   | Found a frozen archway.
 12521 | IceCv    | Entered an ice cave
 12963 | IceCv    | Noticed a reaper
 12972 | IceCv    | HP: 1/124 [reaper/+0 scythe of freezing (17)]
 13161 | Lair:4   | Reached skill level 5 in Evocations
 13197 | Lair:4   | HP: 5/124 [eight-headed hydra (2)]
 13197 | Lair:4   | Slain by an eight-headed hydra

Illustrated notes

Levels and vault maps discovered:
D:1:      dpeg_arrival_fog, layout_loops_ring,
          shapermc_ecumenical_altar_hornbeckon
D:2:      layout_basic, uniq_robin
D:3:      layout_rooms, minmay_misc_feat_rugged, uniq_sigmund
D:4:      layout_cave_pods, elyvilon_altar_1, minmay_temple_entry_waves,
          minivault_23
D:5:      layout_loops_ring, gammafunk_temple_overflow_forgotten,
          gammafunk_ghost_hive, hellmonk_bongcloud_opening, uniq_menkaure,
          uniq_prince_ribbit1
D:6:      kennysheep_steamy, layout_gridville, uniq_duvessa, uniq_grinder
D:7:      layout_basic
D:8:      layout_basic, chequers_serial_rivers_micro_e,
          nicolae_concentric_dashed_squares_wild, uniq_maurice
D:9:      layout_gridville, minmay_lair_entry_grove, enter_bailey_2,
          chequers_serial_rivers_small_3, wad_floor_pattern_2, minivault_14,
          minmay_radiant
D:10:     layout_rooms, nicolae_overflow_crystal_walls,
          gammafunk_temple_overflow_elements, serial_shops,
          nicolae_lakefront_shop, minivault_22
Lair:1:   layout_hall_layers, ebering_ghost_inner_flame,
          nicolae_lair_grazing_beasts [nicolae_sub_lair_graze_edge,
          nicolae_sub_lair_graze_edge, nicolae_sub_lair_graze_edge,
          nicolae_sub_lair_graze_edge], infiniplex_staircase_pool, uniq_urug
Lair:2:   nzn_winding_woodlands_cross [nzn_winding_woodlands_5x15_pool,
          nzn_winding_woodlands_5x15_split_checker,
          nzn_winding_woodlands_5x15_longhouse,
          nzn_winding_woodlands_5x15_sawtooth,
          nzn_winding_woodlands_15x15_thick_spiral], layout_regular_city,
          minmay_swamp_entry_worms, maelrawn_ghost_gauntlet_escape,
          infiniplex_staircase_pool_2
Lair:3:   layout_regular_city, minmay_snake_entry_guardpost_small,
          beast_lair_carwin_1, grunt_megastairs_4
Lair:4:   wander_river, layout_regular_city, dpeg_slime_entry_corner,
          portal_ice_cave_entry_pillars_1, serial_bayou_shore_b

Skill      XL: |  1  2  3  4  5  6  7  8  9 10 11 12 13 |
---------------+----------------------------------------+-----
Axes           | 3 4 5 6 7 8 10 12 14 | 14.0
Fighting       | 4 5 6 7 9 11 13 14 | 14.0
Invocations    | 1 2 3 4 5 7 8 11 13 14 | 14.0
Shields        | 6 11 14 | 14.0
Evocations     | 7 |  7.2
Armour         | |  3.2

Action                   |  1- 3 |  4- 6 |  7- 9 | 10-12 | 13-15 || total
-------------------------+-------+-------+-------+-------+-------++-------
Melee: War axe           |    97 |   136 |   199 |   521 |   327 ||  1280
Invok: Upheaval          |       |       |       |     7 |     4 ||    11
       Elemental Force   |       |       |       |     3 |     1 ||     4
Evoke: Wand              |       |       |       |     1 |       ||     1
  Use: Scroll            |       |     3 |     1 |     2 |     5 ||    11
       Potion            |       |     3 |     4 |     7 |     2 ||    16
 Stab: Petrified         |       |       |       |    13 |       ||    13
       Petrifying        |       |       |       |     3 |       ||     3
Armor: Scale mail        |    52 |    73 |    46 |       |       ||   171
       Steam dragon scal |       |       |    31 |   124 |       ||   155
       Acid dragon scale |       |       |       |   128 |    74 ||   202
Dodge: Dodged            |    32 |    55 |    56 |   191 |    52 ||   386
       Repelled          |       |       |       |     6 |     4 ||    10
Block: Buckler           |    32 |    63 |    75 |   111 |       ||   281
       Kite shield       |       |       |       |   251 |   224 ||   475
